AoeStats
← zyangm

Arabia

503673486Analyzed
1v1 RM · 9d ago on Sep 1, 2026· 41m 34s· 2 players
Game mode
Random Map
Map size
Tiny (2 player)
Population
200
Speed
Normal
Resources
Standard
Victory
Conquest
Starting age
Dark Age
Ending age
Imperial Age
RankedLock teamsTeams togetherTeam positionsShared explorationLock speedFull tech treeHidden civsTurbo modeCheats
Victory
Defeat
🇵🇱 Franks · Poland
1012
+14
🇫🇷 Cumans · France
977
-14
zyangm
6:42 Loom
9:59 Feudal Age
10:30 Double-Bit Axe
19:29 Castle Age
31:11 Bearded Axe
31:02 Forging
33:32 Iron Casting
33:02 Scale Mail Armor
38:47 Imperial Age
39:25 Cavalier
40:06 Husbandry
41:07 Blast Furnace
40:53 Scale Barding Armor
zilbatipeu
7:12 Loom
10:39 Feudal Age
14:57 Horse Collar
24:56 Castle Age
23:22 Double-Bit Axe
25:31 Pikeman
27:58 Bow Saw
27:50 Heavy Plow
31:14 Bloodlines
35:28 Forging
35:24 Scale Barding Armor
37:13 Wheelbarrow
39:17 Hand Cart
38:48 Town Watch
40:16 Iron Casting
40:02 Chain Barding Armor
40:26 Gold Mining
40:27 Stone Mining
44:04 Imperial Age
Connection lost

Rejoining the realm…

Still unreachable

The connection could not be restored.

Session expired

The server has moved on; the page needs a fresh start.